 Dungeon Crawl Stone Soup version 0.28.0-45-g0d030f2227 (webtiles) character file.

Game seed: 11413509222810022097

48 powzer the Chopper (level 3, -9/34 HPs)
             Began as a Minotaur Berserker on Apr 23, 2022.
             Was a Believer of Trog.
             Mangled by Crazy Yiuf
             ... wielding a +2 quarterstaff of chaos
              (11 damage)
             ... on level 2 of the Dungeon.
             The game lasted 00:06:41 (962 turns).

powzer the Chopper (Minotaur Berserker)              Turns: 962, Time: 00:06:42

Health: -9/34      AC:  6    Str: 23    XL:     3   Next: 50%
Magic:  2/2        EV: 11    Int:  4    God:    Trog [**....]
Gold:   161        SH:  0    Dex:  9    Spells: 2/2 levels left

rFire   . . .      SeeInvis .   a - +0 hand axe
rCold   . . .      Faith    .   (no shield)
rNeg    . . .      Spirit   .   c - +0 ring mail
rPois   .          Reflect  .   (helmet restricted)
rElec   .          Harm     .   (no cloak)
rCorr   .          Rampage  .   (no gloves)
Will    .....                   d - +0 pair of boots
Stlth   ..........              (no amulet)
HPRegen 0.11/turn               (no ring)
MPRegen 0.08/turn               (no ring)

@: no status effects
A: horns 2, retaliatory headbutt
a: Renounce Religion, Berserk, Trog's Hand


You were on level 2 of the Dungeon.
You worshipped Trog.
Trog was pleased with you.
You visited 1 branch of the dungeon, and saw 2 of its levels.

You collected 161 gold pieces.

Inventory:

Hand Weapons
 a - a +0 hand axe (weapon)
Missiles
 b - 48 stones
 h - 5 boomerangs (quivered)
Armour
 c - a +0 ring mail (worn)
 d - a +0 pair of boots (worn)
Scrolls
 f - 2 scrolls of identify {unknown}
 g - a scroll of immolation {unknown}
Potions
 e - a potion of attraction {unknown}


   Skills:
 + Level 4.3 Fighting
 + Level 4.4 Axes
 * Level 3.0 Armour
 + Level 2.5 Dodging


You had 2 spell levels left.
You didn't know any spells.
Your spell library was empty.

Dungeon Overview and Level Annotations

Branches:
Dungeon (2/15)

Altars:

Annotations:
D:2 Crazy Yiuf


Innate Abilities, Weirdness & Mutations

You have a pair of horns on your head.
You reflexively headbutt those who attack you in melee.


Message History

You kill the goblin!
Trog accepts your kill.
Your Armour skill increases to level 3!
You slash the rat!
You kill the rat!
Trog accepts your kill.
Things that are here:
a +0 dagger; a goblin corpse
There is a stone staircase leading down here.
Found a mace.
Found a runed translucent door.
Crazy Yiuf shouts!
Crazy Yiuf says, "Island!"
You open the door. You hit Crazy Yiuf.
Crazy Yiuf is lightly wounded.
Crazy Yiuf hits you with a +2 quarterstaff of chaos!
Crazy Yiuf freezes you.
You slash Crazy Yiuf!
Crazy Yiuf is heavily wounded.
Crazy Yiuf whimpers, "Action!
Snoogle return to song rumpyflump."
Crazy Yiuf barely misses you. You furiously retaliate!
You headbutt Crazy Yiuf. You hit Crazy Yiuf but do no damage.
You headbutt Crazy Yiuf.
Crazy Yiuf is almost dead.
Crazy Yiuf hits you with a +2 quarterstaff of chaos!
You hit Crazy Yiuf. Your headbutt misses Crazy Yiuf.
Crazy Yiuf is almost dead.
Crazy Yiuf hits you with a +2 quarterstaff of chaos.
* * * LOW HITPOINT WARNING * * *
Crazy Yiuf freezes you.
* * * LOW HITPOINT WARNING * * *
You barely miss Crazy Yiuf.
Crazy Yiuf is almost dead.
Crazy Yiuf hits you with a +2 quarterstaff of chaos.
* * * LOW HITPOINT WARNING * * *
Crazy Yiuf freezes you.
* * * LOW HITPOINT WARNING * * *
You hit Crazy Yiuf.
Crazy Yiuf is almost dead.
Crazy Yiuf hits you with a +2 quarterstaff of chaos!
You die...

#......# ..#
#.....###..#
#)†......... #####
#..†.....#.. #..)#
#...>#...... #...#
#....###.... ...
####.###.... #g#
#........ ##@#
#####..... #.##
##......... ##.#
##..#.##.... #.##
#..##.#..... ##.##
####..#..... #...##
#......#### #....#
##.....##### #....#
#...........
#....#####....######


You could see Crazy Yiuf.

Vanquished Creatures
  An adder (D:2)
  An orc (D:2)
  2 ball pythons
  3 endoplasms
  A giant cockroach (D:1)
  A goblin (D:2)
  A hobgoblin (D:2)
  6 jackals
  5 kobolds
  2 quokkas (D:2)
  4 bats
  3 frilled lizards
  4 rats
34 creatures vanquished.

Vanquished Creatures (others)
  5 fungi (D:1)
  3 plants (D:1)
8 creatures vanquished.

Grand Total: 42 creatures vanquished

Notes
Turn   | Place    | Note
-------+----------+-------------------------------------------
     0 | D:1      | powzer the Minotaur Berserker began the quest for the Orb.
     0 | D:1      | Reached XP level 1. HP: 19/19 MP: 0/0
     8 | D:1      | Found a faded altar of an unknown god.
   202 | D:1      | Reached XP level 2. HP: 18/27 MP: 1/1
   565 | D:2      | Reached XP level 3. HP: 31/33 MP: 2/2
   621 | D:2      | Reached ** piety under Trog
   952 | D:2      | Found a runed translucent door.
   953 | D:2      | Noticed Crazy Yiuf
   962 | D:2      | Mangled by Crazy Yiuf

Illustrated notes

Levels and vault maps discovered:
D:1:      evilmike_arrival_plus, layout_rooms, dreamdust_ecumenical_altar_grove
D:2:      layout_rooms, hangedman_decor_clover_reticule, uniq_crazy_yiuf_cottage

Skill      XL: |  1  2  3 |
---------------+----------+-----
Axes           | 4 |  4.4
Fighting       | 4 |  4.3
Armour         | 3 |  3.0
Dodging        | |  2.5

Action                   || total
-------------------------++-------
Melee: Hand axe          ||    80
       Headbutt          ||    13
       Punch             ||     1
Throw: Stone             ||     2
       Boomerang         ||     1
Armor: Ring mail         ||    22
Dodge: Dodged            ||    46
